 Dungeon Crawl Stone Soup version 0.28-a0-1128-gb845255321 (webtiles) character file.

Game seed: 3682249941216951248

27 ChaosChampion the Insei (level 3, -4/23 HPs)
             Began as an Octopode Transmuter on Dec 12, 2021.
             Slain by Natasha (8 damage)
             ... on level 2 of the Dungeon.
             The game lasted 00:01:20 (1186 turns).

ChaosChampion the Insei (Octopode Transmuter)       Turns: 1186, Time: 00:01:20

Health: -4/23      AC:  1    Str:  9    XL:     3   Next: 10%
Magic:  4/6        EV: 13    Int: 17    God:
Gold:   82         SH:  0    Dex: 12    Spells: 3/6 levels left

rFire   . . .      SeeInvis .     - Unarmed
rCold   . . .      Faith    .   (no shield)
rNeg    . . .      Spirit   .   (helmet currently unavailable)
rPois   .          Reflect  .   (no amulet)
rElec   .          Harm     .   (no ring)
rCorr   .          Rampage  .   (no ring)
Will    .....                   (no ring)
Stlth   ++........              (no ring)
HPRegen 0.07/turn               (no ring)
MPRegen 0.10/turn               (no ring)
                                (no ring)
                                (no ring)

@: appendages (expiring), wereblooded
A: tentacle spike 3, almost no armour, amphibious, 8 rings, camouflage 1,
gelatinous body 1, (nimble swimmer 1), tentacles
a: End Transformation


You were on level 2 of the Dungeon.
One of your tentacles had grown a beastly spike.
You visited 1 branch of the dungeon, and saw 2 of its levels.

You collected 82 gold pieces.

Inventory:

Scrolls
 a - 2 scrolls of identify {unknown}
 b - a scroll of noise {unknown}
 c - a scroll of teleportation {unknown}
 d - a scroll of blinking {unknown}


   Skills:
 - Level 1.0 Fighting
 - Level 2.0 Dodging
 * Level 3.8 Unarmed Combat
 - Level 2.0 Spellcasting
 + Level 2.5 Transmutations


You had 3 spell levels left.
You knew the following spells:

 Your Spells              Type           Power      Damage    Failure   Level
a - Beastly Appendage     Tmut           20%        N/A       7%          1
b - Wereblood             Tmut           10%        N/A       11%         2

Your spell library contained the following spells:

 Spells                   Type           Power      Damage    Failure   Level
 Spider Form              Tmut/Pois      6%         N/A       34%         3
 Ice Form                 Ice/Tmut       6%         N/A       75%         4


Dungeon Overview and Level Annotations

Branches:
Dungeon (2/15)

Altars:

Annotations:
D:2 Natasha


Innate Abilities, Weirdness & Mutations

One of your tentacles has grown a beastly spike.
You cannot wear most types of armour.
You are amphibious.
You can wear up to eight rings at the same time.
Your skin changes colour to match your surroundings (Stealth+).
Your rubbery body absorbs attacks. (AC +1, EV +1)
((You are camouflaged near water. (Stealth+)))
You have tentacles for arms and can constrict up to eight enemies at once.


Message History

Natasha mumbles some strange words.
You tentacle-slap Natasha. Your grab misses Natasha.
Your tentacle spike misses Natasha.
Natasha is heavily wounded.
Natasha misses you.
You closely miss Natasha. Your grab misses Natasha.
Natasha is heavily wounded.
Natasha stares at you and mumbles some strange words.
You resist with significant effort. The crimson imp closely misses you.
You completely miss Natasha. Your grab misses Natasha.
Natasha is heavily wounded.
Natasha claws you!
You tentacle-slap Natasha. Your grab misses Natasha.
Your tentacle spike misses Natasha.
Natasha is severely wounded.
The crimson imp hits you. Natasha barely misses you.
You closely miss Natasha. Your grab misses Natasha.
Natasha is severely wounded.
Your transformation is almost over.
The crimson imp hits you.
* * * LOW HITPOINT WARNING * * *
You closely miss Natasha. Your grab misses Natasha.
Your squeeze misses Natasha.
Natasha is severely wounded.
Natasha closely misses you. The crimson imp hits you.
* * * LOW HITPOINT WARNING * * *
You barely miss Natasha. Your grab misses Natasha.
Natasha is severely wounded.
Natasha barely misses you.
The crimson imp blinks!
You completely miss Natasha. Your grab misses Natasha.
Natasha is severely wounded.
Natasha barely misses you.
The crimson imp shouts, "Take thy face hence, thou bumbling nose-picking brigand!"
The crimson imp blinks!
You closely miss Natasha. Your grab misses Natasha.
You squeeze Natasha, but do no damage.
Natasha is severely wounded.
Natasha drinks a potion.
Natasha is healed!
You closely miss Natasha. Your grab misses Natasha. Natasha claws you!
You die...

########<........##.##
#.................##.#.
#.................##.#.
#....................#.
#..........#######...#.
##..........# #...#.
.......5....#########.#.
....................#.#.
......h@.........##.....
..........#(.....####.#.
..........#......+......
..........#......####.##
###########......# #.##
#......# #.## #......#
#.## ######## #.## #.#


You could see Natasha and a crimson imp (summoned).

Vanquished Creatures
  A dart slug (D:1)
  A ball python (D:1)
  2 endoplasms (D:1)
  3 goblins (D:1)
  3 hobgoblins (D:1)
  A quokka (D:1)
  3 bats (D:1)
  2 frilled lizards (D:1)
  3 kobolds (D:1)
  5 rats (D:1)
24 creatures vanquished.

Notes
Turn   | Place    | Note
-------+----------+-------------------------------------------
     0 | D:1      | ChaosChampion the Octopode Transmuter began the quest for
                  | the Orb.
     0 | D:1      | Reached XP level 1. HP: 13/13 MP: 3/3
   132 | D:1      | Found a faded altar of an unknown god.
   244 | D:1      | Reached XP level 2. HP: 10/18 MP: 3/5
   438 | D:1      | Learned a level 2 spell: Wereblood
   884 | D:1      | Reached XP level 3. HP: 19/23 MP: 3/6
  1171 | D:2      | Noticed Natasha
  1186 | D:2      | Slain by Natasha

Illustrated notes

Levels and vault maps discovered:
D:1:      dpeg_arrival_arbitrary_a, layout_basic,
          hellmonk_ecumenical_altar_blasted,
          nicolae_concentric_dashed_squares_mild, minmay_split_cup_large
D:2:      layout_basic, uniq_natasha

Action                   || total
-------------------------++-------
Melee: Unarmed           ||    61
       Constrict         ||    17
       Tentacles         ||    10
       Kick              ||     5
 Cast: Beastly Appendage ||    14
       Wereblood         ||     4
 Stab: Sleeping          ||     1
Armor: Skin              ||     6
Dodge: Dodged            ||    34

Table legend: (Time is in decaauts)
 A = Elapsed time spent in this place.
 B = Non-inter-level travel time spent in this place.
 C = Inter-level travel time spent in this place.
 D = Time resting spent in this place.
 E = Time spent auto-exploring this place.
 F = Levels seen in this place.
 G = Mean time per level.
                   A        B        C        D        E       F      G
               +--------+--------+--------+--------+--------+-----+--------+
         Total |   1181 |   1167 |     14 |      0 |    995 |   2 |  590.5 |
       Dungeon |   1181 |   1167 |     14 |      0 |    995 |   2 |  590.5 |
               +--------+--------+--------+--------+--------+-----+--------+

Top non-repeatable levels by time:
     D:1: 1127 daAuts
     D:2: 53 daAuts
